 Dungeon Crawl Stone Soup version 0.26.1-11-gd32895ea62 (webtiles) character file.

Game seed: 16528837645085521512

114 Almogavar the Chopper (level 4, -1/40 HPs)
             Began as a Hill Orc Fighter on Apr 14, 2021.
             Slain by Crazy Yiuf
             ... wielding a +2 quarterstaff of chaos
              (6 damage)
             ... on level 2 of the Dungeon.
             The game lasted 00:03:43 (2343 turns).

Almogavar the Chopper (Hill Orc Fighter)            Turns: 2343, Time: 00:03:45

Health: -1/40      AC:  7    Str: 19    XL:     4   Next: 97%
Magic:  4/4        EV:  7    Int:  8    God:
Gold:   34         SH:  9    Dex: 10    Spells: 3/3 levels left

rFire    + . .     SeeInvis .   s - +4 hand axe
rCold    x . .     Faith    .   c - +0 kite shield
rNeg     . . .     Spirit   .   n - +0 scale mail (curse)
rPois    .         Reflect  .   (no helmet)
rElec    .         Harm     .   (no cloak)
rCorr    .         Rampage  .   (no gloves)
Will     .....                  (no boots)
Stlth    ..........             (no amulet)
HPRegen  0.13/turn              o - ring of fire
MPRegen  0.09/turn              (no ring)

@: lethally poisoned (-1 -> -17)
A: no striking features
a: no special abilities


You were on level 2 of the Dungeon.
You visited 1 branch of the dungeon, and saw 2 of its levels.

You collected 34 gold pieces.

Inventory:

Hand Weapons
 a - a +3 vorpal hunting sling
 s - a +4 hand axe (weapon)
Missiles
 t - 19 sling bullets
 u - 131 stones (quivered)
Armour
 c - a +0 kite shield (worn)
 n - a cursed +0 scale mail (worn)
Jewellery
 o - a ring of fire (left hand)
Scrolls
 b - a scroll of remove curse {unknown}
 f - a scroll of enchant weapon {unknown}
 l - a scroll of magic mapping {unknown}
 p - a scroll of identify {unknown}
 q - a scroll of enchant armour {unknown}
 r - a scroll of teleportation {unknown}
Potions
 d - a potion of might
 e - 2 potions of magic {unknown}
 g - a potion of lignification {unknown}
 h - a potion of ambrosia {unknown}
 i - 4 potions of heal wounds {unknown}
 j - a potion of brilliance {unknown}
 k - 3 potions of degeneration {unknown}
 m - a potion of cancellation {unknown}


   Skills:
 + Level 4.1 Fighting
 + Level 4.4 Axes
 + Level 3.8 Armour
 + Level 0.7 Dodging
 - Level 0.1 Stealth
 + Level 4.1 Shields


You had 3 spell levels left.
You didn't know any spells.
Your spell library contained the following spells:

 Spells                   Type           Power        Failure   Level
 Confusing Touch          Hex            0%           100%        3
 Gell's Gravitas          Tloc           0%           100%        3
 Petrify                  Tmut/Erth      0%           100%        4
 Metabolic Englaciation   Hex/Ice        0%           100%        5
 Yara's Violent Unravell  Hex/Tmut       0%           100%        5


Dungeon Overview and Level Annotations

Branches:
Dungeon (2/15)

Altars:
Kikubaaqudgha
Nemelex Xobeh
Qazlal
Ru
Sif Muna
Trog
Xom

Annotations:
D:2 Crazy Yiuf


Message History

You hit Crazy Yiuf.
Crazy Yiuf is lightly wounded.
You feel sick.
Crazy Yiuf hits you with a +2 quarterstaff of chaos!
You hit Crazy Yiuf.
Crazy Yiuf is heavily wounded.
You feel sick. Crazy Yiuf closely misses you.
You slash Crazy Yiuf!
Crazy Yiuf is severely wounded.
You feel sick.
Crazy Yiuf hits you with a +2 quarterstaff of chaos!
* * * LOW HITPOINT WARNING * * *
You are more poisoned.
You hit Crazy Yiuf but do no damage.
Crazy Yiuf is severely wounded.
* * * LOW HITPOINT WARNING * * *
You feel sick.
Crazy Yiuf grits, "Pitchfork meccalolo rumpyflump!"
Crazy Yiuf hits you with a +2 quarterstaff of chaos.
You die...

.## ##.......## ##.##.###
..####........)####.......#
.....'.........'.......##.#
.)####...################)#
.## ##..# #.# #### ##.#
#.## ...# ### ### ♣♣##..#
##.# #.# #)..#♣♣ ♣♣.....#
#.# #.# #...g@♣♣♣♣......#
#.# #.# #...#♣..♣......##
#.#####.# ### ♣♣♣.♣....##
#.......# ♣♣♣♣♣###
#######.# #.###### ###
#......###.# ##.........#
##.########


You could see Crazy Yiuf.

Vanquished Creatures
  2 adders (D:2)
  3 gnolls (D:2)
  An ooze (D:1)
  A worm (D:2)
  A dart slug (D:1)
  A leopard gecko (D:2)
  A giant cockroach (D:2)
  7 goblins
  11 hobgoblins
  4 jackals (D:2)
  A quokka (D:2)
  4 ball pythons (D:2)
  5 bats
  A frilled lizard (D:2)
  6 kobolds
  A quokka zombie (D:2)
  4 rats
54 creatures vanquished.

Notes
Turn   | Place    | Note
-------+----------+-------------------------------------------
     0 | D:1      | Almogavar the Hill Orc Fighter began the quest for the Orb.
     0 | D:1      | Reached XP level 1. HP: 19/19 MP: 1/1
   114 | D:1      | Reached XP level 2. HP: 27/27 MP: 2/2
   708 | D:2      | Reached XP level 3. HP: 30/33 MP: 3/3
  1175 | D:2      | Reached XP level 4. HP: 36/40 MP: 4/4
  1624 | D:2      | Found a runed translucent door.
  1625 | D:2      | Noticed Crazy Yiuf
  1809 | D:2      | Found a sacrificial altar of Ru.
  1812 | D:2      | Found an ancient bone altar of Kikubaaqudgha.
  1812 | D:2      | Found a shimmering altar of Xom.
  2033 | D:2      | Found a sparkling altar of Nemelex Xobeh.
  2034 | D:2      | Found a shimmering blue altar of Sif Muna.
  2036 | D:2      | Found a stormy altar of Qazlal.
  2037 | D:2      | Found a bloodstained altar of Trog.
  2343 | D:2      | Slain by Crazy Yiuf

Illustrated notes

Levels and vault maps discovered:
D:1:      amcnicky_arrival_single_pillar, layout_basic
D:2:      layout_loops_corners, grunt_temple_overflow_open,
          minmay_split_cup_large, uniq_crazy_yiuf_cottage

Skill      XL: |  1  2  3  4 |
---------------+-------------+-----
Axes           | 3 4 |  4.4
Fighting       | 4 |  4.1
Shields        | 4 |  4.1
Armour         | |  3.8
Dodging        | |  0.7
Stealth        | |  0.1

Action                   |  1- 3 |  4- 6 || total
-------------------------+-------+-------++-------
Melee: War axe           |   112 |    36 ||   148
       Hand axe          |       |    31 ||    31
Armor: Scale mail        |    54 |    22 ||    76
Dodge: Dodged            |    44 |    21 ||    65
Block: Kite shield       |    55 |    40 ||    95
